 Dungeon Crawl Stone Soup version 0.31-a0-165-g3f4f80340b (webtiles) character file.

Game seed: 11596696656610658567

75 qw the Shooter (level 4, -2/39 HPs)
             Began as a Naga Hunter on June 13, 2023.
             Slain by Terence
             ... wielding a +0 trident
              (7 damage)
             ... on level 2 of the Dungeon.
             The game lasted 00:00:20 (791 turns).

qw the Shooter (Naga Hunter)                         Turns: 791, Time: 00:00:21

Health: -2/39      AC:  2    Str: 13    XL:     4   Next: 31%
Magic:  4/4        EV:  9    Int:  9    God:
Gold:   33         SH:  0    Dex: 17    Spells: 3/3 levels left

rFire   . . .        a - +0 shortbow
rCold   . . .        (shield currently unavailable)
rNeg    . . .        c - +0 leather armour
rPois   +            (no helmet)
rElec   .            (no cloak)
rCorr   .            (no gloves)
SInv    +            (no barding)
Will    .....        (no amulet)
Stlth   ++           (no ring)
HPRegen 0.26/turn    (no ring)
MPRegen 0.09/turn

%: no passive effects
@: very slow
A: AC +1, large, see invisible, deformed body, poison resistance, slowness 2,
spit poison 1, naga tail 1
a: Spit Poison


You were on level 2 of the Dungeon.
You visited 1 branch of the dungeon, and saw 2 of its levels.

You collected 33 gold pieces.


Innate Abilities, Weirdness & Mutations

Your serpentine skin is tough. (AC +1)
You have supernaturally acute eyesight. (SInv)
Armour fits poorly on your strangely shaped body.
Your system is resistant to poisons. (rPois)
You cover ground very slowly.
You can spit poison.
You have a snake-like lower body.


   Skills:
 + Level 2.0 Fighting
 - Level 5.2 Ranged Weapons
 - Level 1.5 Dodging
 - Level 1.5 Stealth


You had 3 spell levels left.
You didn't know any spells.
Your spell library was empty.

Inventory:

Hand Weapons
 a - a +0 shortbow (weapon)
Armour
 c - a +0 leather armour (worn)
Scrolls
 b - a scroll of butterflies
 e - a scroll of identify {unknown}
 f - a scroll of fear {unknown}
 g - a scroll of poison {unknown}
Potions
 d - a potion of enlightenment {unknown}

Dungeon Overview and Level Annotations

Branches:
Dungeon (1/15)

Altars:

Annotations:
D:2 1 runed translucent door, Crazy Yiuf, Terence


Message History

783 ||| INVOKING Spit Poison.
Aiming: Spit Poison (2% risk of failure)
Press: ? - help, Shift-Dir - straight line, f - Jessica The splash of poison hits Jessica.
Jessica is poisoned.
Jessica is lightly wounded.
You shoot an arrow. The arrow barely misses Terence.
Terence hits you from afar with a +0 trident.
You shoot an arrow.
The arrow hits Terence but does no damage.
Terence barely misses you.
You shoot an arrow.
The arrow hits Terence but does no damage.
Terence barely misses you.
You shoot an arrow.
The arrow hits Terence but does no damage.
You hear an angry hiss.
Terence closely misses you.
You shoot an arrow.
The arrow hits Terence but does no damage.
You have got your breath back.
You feel a bit more experienced.
Terence hits you from afar with a +0 trident.
Your Ranged Weapons skill increases to level 5!
You have reached level 4!
You feel agile.
789 ||| INVOKING Spit Poison.
Aiming: Spit Poison (1% risk of failure)
Press: ? - help, Shift-Dir - straight line, f/p - Terence The splash of poison hits Terence but does no damage.
Terence is poisoned.
Terence hits you from afar with a +0 trident.
You shoot an arrow. The arrow hits Terence.
Terence is moderately wounded.
You hear an angry hiss.
Terence hits you from afar with a +0 trident! x2
You shoot an arrow. The arrow hits Terence.
Terence is severely wounded.
You have got your breath back.
Terence looks more healthy.
Terence hits you from afar with a +0 trident!
You die...

#.####....####..#
#### #.# #.# ##.#.#
#..# ##.# #.#
#...####..# #..# ..#
#.........# #.## ###
......###.# #.#
.#####.# #.# #.# #.
#.###.# #.# #.
#.....#### #.# #.
#..%..@..# #.# #
#..#####.######@#
#.# . .........# @#
#.# ####.#.#######@#
#.#
########.........#.(
..#
......%.##.#####.###
### #######.##.#
#....# ######


You could see Terence.

Vanquished Creatures
  Jessica (D:2)
  2 worms (D:2)
  2 dart slugs
  3 endoplasms
  2 giant cockroaches (D:2)
  4 goblins
  3 hobgoblins
  4 jackals (D:1)
  3 ball pythons
  4 bats (D:1)
  7 frilled lizards
  2 kobolds (D:1)
  4 rats
41 creatures vanquished.

Notes
Turn   | Place    | Note
-------+----------+-------------------------------------------
     0 | D:1      | qw the Naga Hunter began the quest for the Orb.
     0 | D:1      | Reached XP level 1. HP: 19/19 MP: 1/1
     0 | D:1      | 0 ||| qw: Version: 0.2-a-29-gc1b59c4
     0 | D:1      | 0 ||| qw: Game counter: 4781
     0 | D:1      | 0 ||| qw: Always use a shield: true
     0 | D:1      | 0 ||| qw: God list: Okawaru
     0 | D:1      | 0 ||| qw: Allow faded altars: false
     0 | D:1      | 0 ||| qw: Do Orc after D:15 true
     0 | D:1      | 0 ||| qw: Do second Lair branch before Depths: true
     0 | D:1      | 0 ||| qw: Lair rune preference: random
     0 | D:1      | 0 ||| qw: Plans: Normal
     0 | D:1      | 0 ||| PLANNING D:1-11
    23 | D:1      | 23 ||| INVOKING Spit Poison.
    48 | D:1      | 48 ||| INVOKING Spit Poison.
    58 | D:1      | 58 ||| INVOKING Spit Poison.
    74 | D:1      | 74 ||| INVOKING Spit Poison.
    77 | D:1      | 77 ||| INVOKING Spit Poison.
    80 | D:1      | 80 ||| INVOKING Spit Poison.
    84 | D:1      | Reached skill level 4 in Ranged Weapons
    84 | D:1      | Reached XP level 2. HP: 21/26 MP: 2/2
    84 | D:1      | 84 ||| INVOKING Spit Poison.
    90 | D:1      | 90 ||| INVOKING Spit Poison.
   135 | D:1      | 135 ||| INVOKING Spit Poison.
   246 | D:1      | 246 ||| INVOKING Spit Poison.
   253 | D:1      | 253 ||| INVOKING Spit Poison.
   264 | D:1      | 264 ||| INVOKING Spit Poison.
   271 | D:1      | 271 ||| INVOKING Spit Poison.
   309 | D:1      | 309 ||| INVOKING Spit Poison.
   311 | D:1      | 311 ||| FLEEEEING.
   313 | D:1      | 313 ||| FLEEEEING.
   314 | D:1      | 314 ||| FLEEEEING.
   315 | D:1      | 315 ||| INVOKING Spit Poison.
   316 | D:1      | Reached XP level 3. HP: 30/32 MP: 3/3
   384 | D:1      | 384 ||| INVOKING Spit Poison.
   427 | D:1      | You fall into a shaft and drop 1 floor!
   456 | D:2      | 456 ||| INVOKING Spit Poison.
   493 | D:2      | Found a runed translucent door.
   494 | D:2      | Noticed Crazy Yiuf
   533 | D:2      | 533 ||| INVOKING Spit Poison.
   556 | D:2      | 556 ||| INVOKING Spit Poison.
   560 | D:2      | 560 ||| INVOKING Spit Poison.
   567 | D:2      | 567 ||| INVOKING Spit Poison.
   567 | D:2      | HP: 7/32 [ball python (2)]
   714 | D:2      | 714 ||| INVOKING Spit Poison.
   738 | D:2      | 738 ||| INVOKING Spit Poison.
   751 | D:2      | 751 ||| INVOKING Spit Poison.
   755 | D:2      | 755 ||| INVOKING Spit Poison.
   767 | D:2      | 767 ||| INVOKING Spit Poison.
   778 | D:2      | 778 ||| INVOKING Spit Poison.
   779 | D:2      | Noticed Jessica
   780 | D:2      | Noticed Terence
   782 | D:2      | 782 ||| Stepping ~*~*~tactically~*~*~ (outnumbered).
   783 | D:2      | 783 ||| INVOKING Spit Poison.
   788 | D:2      | Killed Jessica
   789 | D:2      | Reached skill level 5 in Ranged Weapons
   789 | D:2      | Reached XP level 4. HP: 25/39 MP: 4/4
   789 | D:2      | 789 ||| INVOKING Spit Poison.
   790 | D:2      | HP: 4/39 [Terence/+0 trident (8)]
   791 | D:2      | Slain by Terence

Levels and vault maps discovered:
D:1:      dpeg_arrival_pits, layout_basic
D:2:      layout_loops_ring, hellmonk_ecumenical_altar_blasted,
          grunt_ministairs_2, uniq_terence, uniq_sigmund,
          uniq_crazy_yiuf_cottage, uniq_jessica

Skill      XL: |  1  2  3 |
---------------+----------+-----
Ranged Weapons | 4 5 |  5.2
Fighting       | |  2.0
Dodging        | |  1.5
Stealth        | |  1.5

Action                     |  1- 3 |  4- 6 || total
---------------------------+-------+-------++-------
   Fire: Shortbow          |    58 |     2 ||    60
Ability: Spit Poison       |    28 |     1 ||    29
 Armour: Leather armour    |     3 |       ||     3
  Dodge: Dodged            |    19 |       ||    19

Table legend:
 A = Non-vault XP
 B = Vault XP
 C = Vault XP percentage of total XP
 D = Non-vault monster count
 E = Vault monster count
 F = Vault count percentage of total count
                 A         B        C        D         E       F
            +---------+---------+-------+---------+---------+-------
      Total |      67 |      41 |  38.0 |      39 |       2 |   4.9
            +---------+---------+-------+---------+---------+-------
        D:1 |      40 |       0 |   0.0 |      26 |       0 |   0.0
        D:2 |      27 |      41 |  60.3 |      13 |       2 |  13.3
            +---------+---------+-------+---------+---------+-------
